 Dungeon Crawl Stone Soup version 0.28-a0-1199-gef9e1dbd39 (webtiles) character file.

Game seed: 6453500186743627671

286 fragbeetle the Poker (level 6, -18/48 HPs)
             Began as a Merfolk Gladiator on Dec 19, 2021.
             Demolished by Pikel (20 damage)
             ... on level 4 of the Dungeon.
             The game lasted 00:08:59 (3624 turns).

fragbeetle the Poker (Merfolk Gladiator)            Turns: 3624, Time: 00:09:00

Health: -18/48     AC:  7    Str: 17    XL:     6   Next: 30%
Magic:  6/6        EV: 13    Int:  7    God:
Gold:   196        SH:  0    Dex: 15    Spells: 5/5 levels left

rFire   . . .      SeeInvis .   a - +0 trident
rCold   . . .      Faith    .   (no shield)
rNeg    . . .      Spirit   .   n - +0 ring mail
rPois   .          Reflect  .   c - +0 helmet
rElec   .          Harm     .   (no cloak)
rCorr   .          Rampage  .   (no gloves)
Will    +....                   t - +0 pair of boots
Stlth   +.........              (no amulet)
HPRegen 0.16/turn               m - ring of willpower
MPRegen 0.10/turn               (no ring)

@: no status effects
A: (nimble swimmer 2), mertail
a: no special abilities


You were on level 4 of the Dungeon.
You visited 1 branch of the dungeon, and saw 4 of its levels.

You collected 196 gold pieces.

Inventory:

Hand Weapons
 a - a +0 trident (weapon)
Missiles
 d - 3 throwing nets
 f - 149 stones
 s - a poisoned dart (quivered)
Armour
 b - a +0 leather armour
 c - a +0 helmet (worn)
 n - a +0 ring mail (worn)
 t - a +0 pair of boots (worn)
Jewellery
 m - a ring of willpower (left hand)
 o - a ring of poison resistance
Scrolls
 e - a scroll of magic mapping {unknown}
 h - 2 scrolls of enchant weapon {unknown}
 i - a scroll of fog {unknown}
 j - 2 scrolls of identify
 k - a scroll of teleportation {unknown}
Potions
 g - a potion of invisibility
 l - a potion of mutation {unknown}
 p - a potion of curing {unknown}
 q - a potion of cancellation {unknown}
 r - a potion of heal wounds {unknown}


   Skills:
 + Level 3.8 Fighting
 + Level 6.2 Polearms
 - Level 2.0 Throwing
 + Level 2.1 Armour
 + Level 5.6 Dodging


You had 5 spell levels left.
You didn't know any spells.
Your spell library was empty.

Dungeon Overview and Level Annotations

Branches:
Dungeon (4/15)
 Temple: D:4-7

Altars:
The Shining One

Annotations:
D:3 Sigmund
D:4 Pikel


Innate Abilities, Weirdness & Mutations

((You are quick and stealthy near water. (Stealth+, EV+, Speed+++)))
Your lower body shifts to a powerful aquatic tail in water.


Message History

The lemure is moderately wounded.
The lemure misses you.
You puncture the lemure!
The lemure is heavily wounded.
The lemure closely misses you.
You hit the lemure but do no damage.
The lemure is heavily wounded.
The lemure misses you.
You hit the lemure but do no damage.
The lemure is heavily wounded.
The lemure hits you but does no damage.
You hit the lemure.
The lemure is severely wounded.
The lemure hits you!
* * * LOW HITPOINT WARNING * * *
You barely miss the lemure.
The lemure is severely wounded.
The lemure hits you but does no damage.
Okay, then.
You hit the lemure.
The lemure is severely wounded.
The lemure hits you but does no damage.
You hit the lemure.
The lemure is almost dead.
The lemure hits you but does no damage.
You see here a +0 short sword.
Pikel misses you.
You see here a +0 hand axe of flaming.
As you read the scroll labelled NERAMPAASO, it crumbles to dust.
It is a scroll of identify.
g - a potion of invisibility Pikel hits you with a +1 whip of electrocution.
* * * LOW HITPOINT WARNING * * *
The lemure misses you.
You closely miss Pikel.
Pikel is severely wounded.
Pikel hits you with a +1 whip of electrocution.
* * * LOW HITPOINT WARNING * * *
You are electrocuted!!
You die...

######## #......# #......##
####### #......[####### .)....#
#..............
......#############..............
>.....'(.)...o55@[#..............
......###########K#..............
......# #[............... ..)...#
##.##.....####### ......#
#.##.....# ..... ......#
########..#.....#...... ......+
..............K5#...... ......#
#########..####.^..._.. ..#####
#.......#......


You could see Pikel, 2 lemures and an orc.

Vanquished Creatures
  An ogre (D:4)
  2 lemures (D:4)
  An orc priest (D:4)
  An orc wizard (D:4)
  4 gnolls
  3 adders
  A worm (D:2)
  17 orcs
  6 endoplasms
  4 giant cockroaches
  5 goblins
  A hobgoblin (D:3)
  2 jackals (D:2)
  5 kobolds
  2 quokkas
  3 ball pythons (D:1)
  5 bats
  2 frilled lizards
  A rat (D:2)
66 creatures vanquished.

Notes
Turn   | Place    | Note
-------+----------+-------------------------------------------
     0 | D:1      | fragbeetle the Merfolk Gladiator began the quest for the
                  | Orb.
     0 | D:1      | Reached XP level 1. HP: 16/16 MP: 1/1
   413 | D:1      | Reached XP level 2. HP: 23/23 MP: 2/2
  1260 | D:2      | Reached XP level 3. HP: 28/28 MP: 3/3
  1353 | D:2      | Found a faded altar of an unknown god.
  1426 | D:2      | Reached skill level 5 in Polearms
  1426 | D:2      | Reached skill level 1 in Armour
  1872 | D:3      | Reached XP level 4. HP: 30/34 MP: 4/4
  1905 | D:3      | Noticed Sigmund
  2180 | D:4      | Noticed an ogre
  2195 | D:4      | Killed an ogre
  2196 | D:4      | Reached skill level 5 in Dodging
  2196 | D:4      | Reached XP level 5. HP: 16/41 MP: 5/5
  2635 | D:4      | Reached skill level 6 in Polearms
  2639 | D:4      | Reached XP level 6. HP: 24/48 MP: 6/6
  2941 | D:4      | Found a glowing golden altar of the Shining One.
  3493 | D:4      | Noticed Pikel
  3624 | D:4      | HP: 2/48 [Pikel (3)]
  3624 | D:4      | Demolished by Pikel

Illustrated notes

Levels and vault maps discovered:
D:1:      heliophobic_arrival_battle_scene, layout_basic
D:2:      layout_rooms, dreamdust_ecumenical_altar_angels_and_demons,
          kennysheep_cross_room, cheibrodos_gnoll_hut
D:3:      layout_rooms, guppyfry_early_orc_mine, uniq_sigmund
D:4:      layout_basic, lemuel_tele_altar, uniq_pikel

Skill      XL: |  1  2  3  4  5  6 |
---------------+-------------------+-----
Polearms       | 5 6 |  6.2
Armour         | 1 2 |  2.1
Fighting       | 3 |  3.8
Dodging        | 5 |  5.6
Throwing       | |  2.0

Action                   |  1- 3 |  4- 6 || total
-------------------------+-------+-------++-------
Melee: Trident           |   100 |   141 ||   241
Throw: Stone             |     6 |       ||     6
       Dart              |       |    22 ||    22
       Throwing net      |       |     1 ||     1
  Use: Scroll            |       |     1 ||     1
 Stab: Sleeping          |     1 |       ||     1
Armor: Leather armour    |    21 |       ||    21
       Ring mail         |     1 |    38 ||    39
Dodge: Dodged            |    63 |    62 ||   125

Table legend: (Time is in decaauts)
 A = Elapsed time spent in this place.
 B = Non-inter-level travel time spent in this place.
 C = Inter-level travel time spent in this place.
 D = Time resting spent in this place.
 E = Time spent auto-exploring this place.
 F = Levels seen in this place.
 G = Mean time per level.
                   A        B        C        D        E       F      G
               +--------+--------+--------+--------+--------+-----+--------+
         Total |   3629 |   3581 |     48 |   1217 |   1352 |   4 |  907.2 |
       Dungeon |   3629 |   3581 |     48 |   1217 |   1352 |   4 |  907.2 |
               +--------+--------+--------+--------+--------+-----+--------+

Top non-repeatable levels by time:
     D:4: 1671 daAuts
     D:1: 855 daAuts
     D:2: 825 daAuts
     D:3: 276 daAuts
